 Dungeon Crawl Stone Soup version 0.30-a0-1043-g60ff8d5f49 (webtiles) character file.

Game seed: 2077367111230102538

36 voltaire321 the Chiller (level 3, 0/26 HPs)
             Began as a Merfolk Ice Elementalist on Apr 9, 2023.
             Slain by a centaur zombie (1 damage)
             ... on level 3 of the Dungeon.
             The game lasted 00:03:18 (1092 turns).

voltaire321 the Chiller (Merfolk Ice Elementalist)  Turns: 1092, Time: 00:03:19

Health: 0/26       AC:  2    Str: 10    XL:     3   Next: 37%
Magic:  5/6        EV: 13    Int: 14    God:
Gold:   63         SH:  0    Dex: 14    Spells: 5/6 levels left

rFire   . . .      SeeInvis .    c - +0 short sword
rCold   . . .      Faith    .    (no shield)
rNeg    . . .      Spirit   .    a - +0 robe
rPois   .          Reflect  .    (no helmet)
rElec   .          Rampage  .    (no cloak)
rCorr   .                        (no gloves)
Will    .....                    (no boots)
Stlth   ++                       (no amulet)
HPRegen 0.24/turn                (no ring)
MPRegen 0.10/turn                (no ring)

@: no status effects
A: (nimble swimmer 2), mertail
a: no special abilities


You were on level 3 of the Dungeon.
You visited 1 branch of the dungeon, and saw 3 of its levels.

You collected 63 gold pieces.

Inventory:

Hand Weapons
 c - a +0 short sword (weapon)
Armour
 a - a +0 robe (worn)
Jewellery
 k - a ring of fire
Scrolls
 d - 2 scrolls of poison {unknown}
 e - 3 scrolls of identify {unknown}
 f - a scroll of butterflies {unknown}
 j - a scroll of teleportation {unknown}
 m - a scroll of vulnerability {unknown}
Potions
 b - a potion of magic
 h - a potion of curing
 i - a potion of mutation {unknown}
 l - a potion of lignification {unknown}


   Skills:
 + Level 1.2 Fighting
 + Level 0.7 Armour
 + Level 3.2 Dodging
 - Level 2.1 Stealth
 + Level 2.3 Spellcasting
 + Level 4.6 Ice Magic


You had 5 spell levels left.
You knew the following spells:

 Your Spells              Type           Power      Damage    Failure   Level
a - Freeze                Ice            56%        1d7       3%          1

Your spell library contained the following spells:

 Spells                   Type           Power      Damage    Failure   Level
 Frozen Ramparts          Ice            28%        1d5       11%         3
 Ozocubu's Armour         Ice            14%        N/A       11%         3
 Magic Dart               Conj           4%         1d3       24%         1
 Call Imp                 Summ           2%         N/A       34%         2
 Mephitic Cloud           Conj/Pois/Air  1%         N/A       56%         3
 Summon Ice Beast         Ice/Summ       8%         N/A       65%         4
 Animate Dead             Necr           1%         N/A       93%         4
 Haunt                    Necr/Summ      0%         N/A       100%        7
 Infestation              Necr           0%         N/A       100%        8


Dungeon Overview and Level Annotations

Branches:
Dungeon (2/15)

Altars:


Innate Abilities, Weirdness & Mutations

((You are very nimble when in or above water. (Stealth+, EV+, Speed+++)))
Your lower body shifts to a powerful aquatic tail in water.


Message History

Aim: a centaur zombie (moderately damaged)
You freeze the centaur zombie.
The centaur zombie resists.
The centaur zombie is moderately damaged.
The centaur zombie misses you. The centaur zombie closely misses you.
You hit the centaur zombie.
The centaur zombie is moderately damaged.
The centaur zombie barely misses you.
The centaur zombie kicks you but does no damage.
You hit the centaur zombie.
The centaur zombie is heavily damaged.
The centaur zombie barely misses you.
The centaur zombie kicks you but does no damage.
The centaur zombie hits you but does no damage.
The centaur zombie completely misses you.
You hit the centaur zombie but do no damage.
The centaur zombie is heavily damaged.
The centaur zombie hits you.
* * * LOW HITPOINT WARNING * * *
The centaur zombie barely misses you.
It was a potion of curing.
You feel better. The centaur zombie barely misses you.
The centaur zombie kicks you.
* * * LOW HITPOINT WARNING * * *
You hit the centaur zombie.
The centaur zombie is heavily damaged.
The centaur zombie hits you.
* * * LOW HITPOINT WARNING * * *
The centaur zombie closely misses you.
You hit the centaur zombie.
The centaur zombie is heavily damaged.
The centaur zombie barely misses you. The centaur zombie kicks you.
* * * LOW HITPOINT WARNING * * *
The centaur zombie hits you.
* * * LOW HITPOINT WARNING * * *
The centaur zombie kicks you but does no damage.
You hit the centaur zombie.
The centaur zombie is severely damaged.
The centaur zombie barely misses you. The centaur zombie closely misses you.
It was a potion of cancellation.
You feel magically purged. The centaur zombie hits you.
You die...

#.# #.# #.#
#.#######
#........
#.####### #.#
..######.#######
.........Z@....#
...>....$####.....
Z...####.# ... ...
#.# # #.# #.# #.#
..# ###


You could see a centaur zombie.

Vanquished Creatures
  An adder skeleton (D:3)
  A dart slug (D:1)
  A ball python (D:1)
  An endoplasm (D:2)
  6 goblins (D:1)
  5 hobgoblins (D:1)
  A quokka (D:1)
  6 bats (D:1)
  A frilled lizard (D:1)
  3 kobolds (D:1)
  3 rats (D:1)
29 creatures vanquished.

Notes
Turn   | Place    | Note
-------+----------+-------------------------------------------
     0 | D:1      | voltaire321 the Merfolk Ice Elementalist began the quest
                  | for the Orb.
     0 | D:1      | Reached XP level 1. HP: 13/13 MP: 3/3
   155 | D:1      | Reached XP level 2. HP: 17/20 MP: 5/5
   590 | D:1      | Reached skill level 1 in Fighting
   597 | D:1      | Reached XP level 3. HP: 26/26 MP: 0/6
   667 | D:1      | Found a faded altar of an unknown god.
  1046 | D:2      | You fall into a shaft and drop 1 floor!
  1087 | D:3      | HP: 1/26 [centaur zombie (3)]
  1092 | D:3      | Slain by a centaur zombie

Illustrated notes

Levels and vault maps discovered:
D:1:      dpeg_arrival_refuge, layout_basic, ebering_ecumenical_altar_hall,
          minmay_misc_feat_four_crosses, kennysheep_flooded_box
D:2:      cheibrodos_pilgrimage, layout_basic, grunt_ministairs_10,
          uniq_crazy_yiuf_cottage
D:3:      layout_loops_ring, serial_undead, serial_undead_e, serial_undead_a,
          serial_undead_c, serial_undead_f, serial_shops,
          nicolae_lakefront_shop, uniq_grinder

Skill      XL: |  1  2 |
---------------+-------+-----
Dodging        | 3 |  3.2
Fighting       | 1 |  1.2
Armour         | |  0.7
Stealth        | |  2.1
Spellcasting   | |  2.3
Ice Magic      | |  4.6

Action                     || total
---------------------------++-------
  Melee: Short sword       ||    46
         Punch             ||     2
   Cast: Freeze            ||    40
    Use: Potion            ||     2
 Armour: Robe              ||    21
  Dodge: Dodged            ||    71

Table legend: (Time is in decaauts)
 A = Elapsed time spent in this place.
 B = Non-inter-level travel time spent in this place.
 C = Inter-level travel time spent in this place.
 D = Time resting spent in this place.
 E = Time spent auto-exploring this place.
 F = Levels seen in this place.
 G = Mean time per level.
                   A        B        C        D        E       F      G
               +--------+--------+--------+--------+--------+-----+--------+
         Total |   1091 |   1075 |     16 |    188 |    562 |   3 |  363.7 |
       Dungeon |   1091 |   1075 |     16 |    188 |    562 |   3 |  363.7 |
               +--------+--------+--------+--------+--------+-----+--------+

Top non-repeatable levels by time:
     D:1: 1000 daAuts
     D:3: 45 daAuts
     D:2: 44 daAuts
